 Dungeon Crawl Stone Soup version 0.31-a0-640-g39d97e502b (webtiles) character file.

Game seed: 3864035644650045592

4 GordonOverkill the Sneak (level 1, 0/11 HPs)
             Began as a Vine Stalker Delver on Aug 28, 2023.
             Slain by an orc
             ... wielding a +0 flail of holy wrath
              (5 damage)
             ... on level 5 of the Dungeon.
             The game lasted 00:01:23 (531 turns).

GordonOverkill the Sneak (Vine Stalker Delver)       Turns: 531, Time: 00:01:23

Health: 0/11       AC:  3    Str: 14    XL:     1   Next: 60%
Magic:  0/2        EV: 11    Int: 10    God:
Gold:   70         SH:  0    Dex: 15    Spells: 0/0 levels left

rFire   . .          .
                       - Unarmed
rCold   . . .        (no shield)
rNeg    . . .        a - +0 leather armour
rPois   .            (no helmet)
rElec   .            (no cloak)
rCorr   .            (no gloves)
SInv    .            (no boots)
Will    .....        (no amulet)
Stlth   +++          (no ring)
HPRegen 0.21/turn    (no ring)
MPRegen 0.08/turn

%: guardian spirit
@: no status effects
A: fangs 2, magic shield, antimagic bite, no potion heal 2
a: no special abilities


You were on level 5 of the Dungeon.
You visited 1 branch of the dungeon, and saw 2 of its levels.

You collected 70 gold pieces.

Inventory:

Missiles
 g - 4 poisoned darts
 i - 4 datura-tipped darts (quivered)
Armour
 a - a +0 leather armour (worn)
Wands
 f - a wand of digging (3)
 j - a wand of iceblast (13)
Scrolls
 b - a scroll of fog
 c - a scroll of revelation
 d - a scroll of fear
 h - a scroll of identify {unknown}
Potions
 e - a potion of haste
 k - a potion of magic {unknown}
 l - a potion of might {unknown}


   Skills:
 + Level 2.8 Fighting
 + Level 0.1 Throwing
 - Level 1.5 Dodging
 - Level 6.0 Stealth
 + Level 2.1 Unarmed Combat


You couldn't memorise any spells.
You didn't know any spells.
Your spell library was empty.

Dungeon Overview and Level Annotations

Branches:
Dungeon (6/15)
 Temple: D:4-7

Altars:

Annotations:
D:6 exclusions: black bear, orc warrior and orc wizard


Innate Abilities, Weirdness & Mutations

You have extremely sharp teeth.
When hurt, damage is shared between your health and your magic reserves.
Your bite disrupts and absorbs the magic of your enemies.
Potions cannot restore your health.


Message History

l - a bubbling black potion The black bear growls angrily.
There is a stone staircase leading up here.
You climb upwards.
There is a stone staircase leading down here.
There is an open door here.
You now have 70 gold pieces (gained 20).
You open the door.
There is an open door here.
You open the door.
You hear a distant slurping noise.
There is an open door here.
You open the door.
An ogre comes into view. It is wielding a +0 giant club.
The ogre shouts!
You close the door.
An ogre opens the door.
Okay, then.
You open the door.
There is an open door here.
Found a scroll labelled GAICEY HOMOT.
Found 7 stones.
Found a falchion.
As you read the scroll of fear, it crumbles to dust.
You assume a fearsome visage.
The ogre looks frightened!
You open the door.
There is an open door here.
An orc comes into view.
It is wielding a +0 flail of holy wrath.
The orc shouts!
Found an escape hatch in the floor.
The orc barely misses you.
You hit the orc but do no damage. You bite the orc. You drain its power.
The orc is heavily wounded.
The orc hits you with a +0 flail of holy wrath!
Ouch! That really hurt!
* * * LOW HITPOINT WARNING * * *
You are too injured to fight recklessly!
You hit the orc but do no damage.
The orc is heavily wounded.
The orc hits you with a +0 flail of holy wrath.
You die...

##....................#O
#..............?......'.
#.....##...############.
#.....###### .....
####'## .>.# ......
#....# ...+ .......
#....# ..# .......
#....##..# ########
#.....@o.# .......#
#+#####..# .......' ..#
.......# ..# ########
..# ###


You could see an orc.

Vanquished Creatures
  2 orcs (D:6)
2 creatures vanquished.

Notes
Turn   | Place    | Note
-------+----------+-------------------------------------------
     0 | D:5      | GordonOverkill the Vine Stalker Delver began the quest for
                  | the Orb.
     0 | D:5      | Reached XP level 1. HP: 11/11 MP: 2/2
   189 | D:6      | Noticed an orc wizard
   243 | D:6      | Noticed a black bear
   291 | D:6      | Noticed an orc warrior
   425 | D:6      | Noticed a black bear
   482 | D:5      | Noticed an ogre
   531 | D:5      | Slain by an orc

Illustrated notes

Levels and vault maps discovered:
D:5:      layout_gridville
D:6:      layout_loops_ring, uniq_edmund

Action                     || total
---------------------------++-------
  Melee: Unarmed           ||     7
         Bite              ||     3
    Use: Scroll            ||     1
   Stab: Sleeping          ||     1
  Dodge: Dodged            ||     1

Table legend: (Time is in decaauts)
 A = Elapsed time spent in this place.
 B = Non-inter-level travel time spent in this place.
 C = Inter-level travel time spent in this place.
 D = Time resting spent in this place.
 E = Time spent auto-exploring this place.
 F = Levels seen in this place.
 G = Mean time per level.
                   A        B        C        D        E       F      G
               +--------+--------+--------+--------+--------+-----+--------+
         Total |    531 |    520 |     11 |    125 |    212 |   2 |  265.5 |
       Dungeon |    531 |    520 |     11 |    125 |    212 |   2 |  265.5 |
               +--------+--------+--------+--------+--------+-----+--------+

Top non-repeatable levels by time:
     D:6: 316 daAuts
     D:5: 215 daAuts
